 Dungeon Sprint DCSS version 0.30-a0-1112-gfb780f5df6 (webtiles) character file.

Game seed: 4425669130136948732

816 sircluck the Cleaver (level 7, -5/75 HPs)
             Began as a Hill Orc Berserker on Apr 19, 2023.
             Was an Elder of Trog.
             Slain by Snorg (20 damage)
             ... in the Dungeon (Sprint III: "The Ten Rune Challenge").
             The game lasted 00:02:22 (1037 turns).

sircluck the Cleaver (Hill Orc Berserker)           Turns: 1037, Time: 00:02:22

Health: -5/75      AC:  3    Str: 22    XL:     7   Next: 94%
Magic:  7/7        EV: 13    Int:  7    God:    Trog [****..]
Gold:   31         SH:  0    Dex: 10    Spells: 6/6 levels left

rFire   . . .      SeeInvis .    a - +0 hand axe
rCold   . . .      Faith    .    (no shield)
rNeg    . . .      Spirit   .    p - +0 leather armour
rPois   .          Reflect  .    (no helmet)
rElec   .          Rampage  .    (no cloak)
rCorr   .          NoTele   +    (no gloves)
Will    .....                    (no boots)
Stlth   ++                       (no amulet)
HPRegen 0.32/turn                (no ring)
MPRegen 0.10/turn                (no ring)

@: on berserk cooldown, slowed, very slow
A: no striking features
a: Renounce Religion, Berserk, Trog's Hand, Brothers in Arms


You were in the Dungeon.
You worshipped Trog.
Trog was greatly pleased with you.
You visited 1 branch You collected 31 gold pieces.

Inventory:

Hand Weapons
 a - a +0 hand axe (weapon)
Armour
 b - a +0 animal skin
 p - a +0 leather armour (worn)
Wands
 i - a wand of digging (3)
Scrolls
 h - a scroll of blinking
 k - a scroll of torment {unknown}
 l - 3 scrolls of identify
 n - a scroll of immolation {unknown}
Potions
 c - a potion of curing
 d - 2 potions of heal wounds
 e - a potion of haste
 f - 2 potions of magic
 g - 2 potions of berserk rage
 j - 4 potions of mutation {unknown}
 m - 3 potions of flight
 o - a potion of might
Miscellaneous
 q - a condenser vane


   Skills:
 + Level 11.7 Fighting
 + Level 14.2 Axes
 + Level 5.4 Armour
 + Level 6.0 Dodging
 + Level 3.1 Stealth


You had 6 spell levels left.
You didn't know any spells.
Your spell library was empty.

Dungeon Overview and Level Annotations

Branches:
Dungeon (1/1)

Altars:
Cheibriados
Dithmenos
Fedhas
Gozag
Hepliaklqana
Kikubaaqudgha
Makhleb
Nemelex Xobeh
Okawaru
Qazlal
Ru
Sif Muna
Trog
Uskayaw
Vehumet
Wu Jian
Xom
Yredelemnul
Beogh
Jiyva
Lugonu

Annotations:
D Snorg


Message History

Snorg claws your black bear. Snorg claws your black bear!
Snorg barely misses your black bear. Snorg closely misses your black bear.
Snorg claws your black bear.
Your black bear bites Snorg!
Your black bear barely misses Snorg.
Your black bear closely misses Snorg.
Snorg bites your black bear!
Snorg completely misses your black bear.
Snorg claws your black bear.
Your black bear barely misses Snorg.
Your black bear claws Snorg.
Your black bear splashes around in the water.
Your black bear splashes around in the water.
Your black bear claws Snorg.
Your black bear closely misses Snorg.
Snorg bites your black bear!
Your black bear dies!
Your black bear's corpse disappears in a puff of smoke!
Snorg goes berserk!
A red film seems to cover your vision as you go berserk!
You feel yourself moving faster!
You feel mighty!
You slash Snorg!
Snorg is lightly wounded.
Snorg bites you!! Snorg barely misses you. Snorg claws you!!
You completely miss Snorg.
Snorg is lightly wounded.
Snorg bites you!! Snorg misses you. Snorg claws you!
You are too injured to fight recklessly!
You are too injured to fight recklessly!
You hear a shout!
You are too berserk!
You feel a strong urge to attack something.
Snorg rages.
Snorg barely misses you. Snorg closely misses you. Snorg barely misses you.
There is an open door here.
Snorg attacks as you move away!
Snorg barely misses you. x2; Snorg claws you.
You feel your anger nearly subside.
You are no longer berserk.
You are exhausted.
You feel yourself slow down.
You fail to use your ability.
Snorg bites you!
* * * LOW HITPOINT WARNING * * *
Snorg closely misses you. Snorg claws you!!
You die...

.♣♣ ♣..# #__.#._#
~.♣♣♣♣.###+#'###)##
~.♣.♣..#..........#
~~...♣.'.⌠........#
≈~~~♣♣.#...######'#
~~~....#.⌠.#__#...#+#####
~~.....#...#__#...#.§§~§+
.......#)###__#...#.#§§~#
.......#.::#__#.@T'.#§§.#
.......#___#__'...#.#§§§#
▓▓▓▓▓▓▓▓▓▓▓▓▓▓▓▓▓▓▓▓▓▓▓▓▓


You could see Snorg (berserk).

Vanquished Creatures
  A shadow (D)
  A spatial vortex (D)
  A water elemental (D)
  A necrophage (D)
  A jelly (D)
  Jessica (D)
  A wizard (D)
  A necromancer (D)
  A kobold demonologist (D)
  3 humans (D)
  A phantom (D)
  An endoplasm (D)
  2 rats (D)
16 creatures vanquished.

Notes
Turn   | Place    | Note
-------+----------+-------------------------------------------
     0 | D        | sircluck the Hill Orc Berserker began the quest for the
                  | Orb.
     0 | D        | Reached XP level 1. HP: 19/19 MP: 1/1
    17 | D        | Noticed Jessica
    18 | D        | Reached ** piety under Trog
    27 | D        | Killed Jessica
    28 | D        | Reached skill level 5 in Fighting
    28 | D        | Reached skill level 6 in Axes
    28 | D        | Reached XP level 2. HP: 6/29 MP: 2/2
    28 | D        | Reached XP level 3. HP: 8/36 MP: 3/3
   298 | D        | Reached skill level 7 in Axes
   333 | D        | Noticed a water elemental
   340 | D        | Killed a water elemental
   340 | D        | Reached *** piety under Trog
   341 | D        | Reached skill level 8 in Axes
   341 | D        | Reached skill level 1 in Stealth
   341 | D        | Reached XP level 4. HP: 30/47 MP: 4/4
   451 | D        | Found a basalt altar of Yredelemnul.
   451 | D        | Found a shadowy altar of Dithmenos.
   451 | D        | Found a sacrificial altar of Ru.
   451 | D        | Noticed a necrophage
   459 | D        | Killed a necrophage
   460 | D        | Reached skill level 9 in Axes
   460 | D        | Reached XP level 5. HP: 43/53 MP: 5/5
   468 | D        | Reached skill level 10 in Axes
   579 | D        | Found a radiant altar of Vehumet.
   579 | D        | Found a shimmering blue altar of Sif Muna.
   579 | D        | Found an ancient bone altar of Kikubaaqudgha.
   589 | D        | Reached **** piety under Trog
   592 | D        | Noticed a rust devil
   595 | D        | Reached XP level 6. HP: 56/62 MP: 6/6
   746 | D        | Found a hide-covered altar of Uskayaw.
   746 | D        | Found a roughly hewn altar of Beogh.
   746 | D        | Found an iron altar of Okawaru.
   746 | D        | Found a bloodstained altar of Trog.
   746 | D        | Found an ornate altar of the Wu Jian Council.
   746 | D        | Noticed a human
   747 | D        | Noticed a human
   750 | D        | Killed a human
   751 | D        | Reached skill level 10 in Fighting
   751 | D        | Reached skill level 12 in Axes
   751 | D        | Reached skill level 5 in Dodging
   754 | D        | Killed a human
   755 | D        | Reached skill level 5 in Armour
   755 | D        | Reached XP level 7. HP: 73/73 MP: 7/7
   849 | D        | Noticed a shadow
   860 | D        | Killed a shadow
   861 | D        | Reached skill level 13 in Axes
   863 | D        | Reached ***** piety under Trog
   941 | D        | Found a blossoming altar of Fedhas.
   941 | D        | Found a stormy altar of Qazlal.
   941 | D        | Found a snail-covered altar of Cheibriados.
   941 | D        | Found a burning altar of Makhleb.
   941 | D        | Found a shimmering altar of Xom.
   941 | D        | Noticed a spatial vortex
   948 | D        | Killed a spatial vortex
   949 | D        | Reached skill level 14 in Axes
   951 | D        | Found a hazy altar of Hepliaklqana.
   951 | D        | Found an opulent altar of Gozag.
   951 | D        | Found a sparkling altar of Nemelex Xobeh.
   951 | D        | Found a corrupted altar of Lugonu.
   951 | D        | Found a viscous altar of Jiyva.
  1023 | D        | Noticed Snorg
  1037 | D        | Slain by Snorg

Illustrated notes

Levels and vault maps discovered:
D:        dungeon_sprint_mu [sprint_mu_entry_forest, sprint_mu_temple_rooms,
          sprint_mu_d1_horrors, sprint_mu_d2_genie, sprint_mu_d3_branching,
          sprint_mu_orc_legion, sprint_mu_elf_gauntlet, sprint_mu_hive_nellie,
          sprint_mu_lair_fedhas, sprint_mu_vaults_butterflies,
          sprint_mu_slime_circle, sprint_mu_shoals_archi,
          sprint_mu_snake_twists, sprint_mu_blade_basic,
          sprint_mu_crypt_chambers, sprint_mu_tomb_spiral,
          sprint_mu_vestibule_basic, sprint_mu_gehenna_hellfire,
          sprint_mu_dis_giant, sprint_mu_tartarus_statrot,
          sprint_mu_cocytus_islands, sprint_mu_zot1]

Skill      XL: |  1  2  3  4  5  6  7 |
---------------+----------------------+-----
Dodging        | 2 3 4 5 6 |  6.0
Fighting       | 5 7 8 10 11 | 11.7
Axes           | 6 8 9 10 12 14 | 14.2
Armour         | 3 4 5 |  5.4
Stealth        | 1 2 3 |  3.1

Action                     |  1- 3 |  4- 6 |  7- 9 || total
---------------------------+-------+-------+-------++-------
  Melee: Hand axe          |    41 |    36 |    13 ||    90
 Invoke: Berserk           |     3 |     2 |     3 ||     8
         Brothers in Arms  |       |       |     1 ||     1
   Stab: Sleeping          |     1 |       |       ||     1
 Armour: Animal skin       |     4 |     2 |       ||     6
         Leather armour    |       |       |     1 ||     1
  Dodge: Dodged            |    19 |    11 |    12 ||    42

Table legend: (Time is in decaauts)
 A = Elapsed time spent in this place.
 B = Non-inter-level travel time spent in this place.
 C = Inter-level travel time spent in this place.
 D = Time resting spent in this place.
 E = Time spent auto-exploring this place.
 F = Levels seen in this place.
 G = Mean time per level.
                   A        B        C        D        E       F      G
               +--------+--------+--------+--------+--------+-----+--------+
         Total |   1100 |   1063 |     37 |    800 |      0 |   1 | 1100.0 |
       Dungeon |   1100 |   1063 |     37 |    800 |      0 |   1 | 1100.0 |
               +--------+--------+--------+--------+--------+-----+--------+

Top non-repeatable levels by time:
       D: 1100 daAuts
